Map: Heavy Artillery LE

Players

Ekelpack

  • Race: Zerg Zerg
  • Spawn Location: 3:00

Nyck

  • Race: Terran Terran
  • League: Silver
  • Spawn Location: 1:00

Seek - Winner!

  • Race: Zerg Zerg
  • Spawn Location: 7:00

TriggerMike - Winner!

  • Race: Zerg Zerg
  • Spawn Location: 7:00

VOD

Have the link to the VOD?

Description

Time

  • Played on: Nov. 8, 2024, 2:05 p.m.
  • Length: 6:24
Show
View Real Time Build Order
Export as new Build Order

Ekelpack Zerg 

Build Orders: Hatch First 

Get SALT Encoding   

  12  0:00  Drone  
  13  0:13  Overlord  
  13  0:18  Drone  
  14  0:32  Drone  
  15  0:46  Hatchery  
  15  0:49  Drone  
  15  1:04  Spawning Pool  
  15  1:07  Drone  
  15  1:10  Extractor  
  14  1:12  Drone  
  14  1:16  Drone  
  16  1:21  Drone  
  17  1:29  Drone  
  18  1:39  Drone  
  19  1:52  Queen  
  21  1:55  Drone  
  21  1:59  Queen  
  24  2:02  Drone  
  25  2:08  Overlord  
  25  2:15  Metabolic Boost  
  25  2:25  Zergling x2  
  25  2:26  Zergling x2  
  25  2:28  Drone  
  28  2:47  Zergling x4  
  28  2:50  Overlord  
  30  2:58  Lair  
  30  2:59  Drone x3  
  33  3:07  Drone  
  33  3:10  Extractor  
  33  3:19  Drone x2  
  36  3:20  Drone  
  36  3:22  Extractor  
  36  3:24  Zergling x2  
  36  3:25  Zergling x4  
  31  3:50  Zergling x10  
  31  3:51  Zergling x4  
  38  3:58  Zergling x8, Spire  
  41  4:04  Zergling x2  
  42  4:16  Zergling x4  
  37  4:23  Zergling x2  
  37  4:24  Zergling x4  
  38  4:28  Zergling x4  
  37  4:34  Queen  
  36  4:39  Zergling x10  
  37  4:47  Zergling x2  
  38  4:56  Zergling x2  
  31  5:04  Zergling x10  
  29  5:14  Mutalisk x2  
  21  5:47  Queen  
  16  5:53  Drone x3  
Show
View Real Time Build Order
Export as new Build Order

Nyck Terran 

Build Orders: 2 Factory, Hellion Opening 

Get SALT Encoding   

  12  0:00  SCV  
  13  0:13  SCV  
  14  0:18  Supply Depot  
  14  0:25  SCV  
  15  0:39  SCV  
  15  0:41  Barracks  
  16  0:46  Refinery  
  16  0:52  SCV, Refinery  
  17  1:05  SCV  
  18  1:17  SCV  
  19  1:28  Supply Depot  
  19  1:32  Orbital Command  
  19  1:38  Factory  
  19  1:47  Reaper  
  20  2:01  Factory  
  20  2:03  SCV  
  21  2:19  SCV  
  22  2:30  Factory Tech Lab  
  22  2:33  SCV  
  22  2:45  Marine  
  22  2:46  Factory Reactor  
  22  2:50  Supply Depot  
  23  2:51  Infernal Pre-Igniter  
  23  2:53  SCV  
  23  2:56  Hellion  
  26  3:10  Command Center  
  26  3:17  Hellion  
  28  3:23  Hellion  
  28  3:24  Hellion  
  32  3:30  Supply Depot  
  27  3:52  Hellion x2  
  20  4:09  Hellion  
  8  4:14  Hellion  
  6  4:29  SCV  
  6  4:31  Hellion  
  7  4:41  SCV  
  2  5:16  SCV  
  4  5:28  SCV  
  4  5:34  Hellion  
  6  5:40  SCV  
  7  5:52  SCV  
Show
View Real Time Build Order
Export as new Build Order

Seek Zerg - Winner!

Build Orders: Pool First, Zergling Baneling 

Get SALT Encoding   

  12  0:01  Drone  
  13  0:13  Overlord  
  13  0:18  Drone  
  14  0:32  Drone x2  
  16  0:37  Drone  
  17  0:47  Spawning Pool  
  17  0:48  Extractor  
  15  0:55  Drone  
  16  0:59  Drone  
  17  1:35  Zergling x6  
  17  1:38  Hatchery  
  19  1:42  Queen  
  21  1:51  Metabolic Boost  
  21  2:10  Zergling x2, Overlord  
  22  2:25  Baneling Nest  
  21  2:33  Overlord  
  21  2:44  Zergling x4  
  23  2:56  Queen  
  25  2:59  Zergling x6  
  28  3:11  Baneling x6  
  28  3:15  Zergling x2  
  29  3:23  Zergling x4  
  28  3:45  Zergling x4  
  28  3:46  Zergling x6  
  28  3:48  Baneling  
  32  3:50  Baneling  
  32  3:51  Baneling  
  31  3:59  Zergling x2  
  31  4:00  Zergling x2  
  33  4:16  Zergling x8  
  33  4:23  Baneling x3  
  32  4:28  Baneling x2  
  32  4:32  Zergling x2  
  28  4:52  Roach Warren  
  25  4:54  Baneling  
  25  4:58  Baneling  
  24  5:06  Baneling x2  
  23  5:16  Zergling x10  
  25  5:35  Zergling x4, Roach  
  27  5:40  Spore Crawler  
  26  6:04  Spore Crawler  
Show
View Real Time Build Order
Export as new Build Order

TriggerMike Zerg - Winner!

Build Orders: Pool First 

Get SALT Encoding   

  12  0:00  Drone  
  13  0:13  Overlord  
  13  0:17  Drone  
  14  0:32  Drone  
  14  0:33  Drone  
  16  0:37  Drone  
  17  0:49  Spawning Pool  
  16  0:50  Extractor  
  15  0:59  Drone x2  
  17  1:25  Hatchery  
  16  1:38  Zergling x6  
  19  1:42  Queen  
  21  1:51  Metabolic Boost  
  21  1:59  Overlord  
  21  2:08  Drone  
  22  2:23  Baneling Nest  
  22  2:24  Drone  
  22  2:42  Zergling x6  
  25  2:51  Queen  
  25  2:53  Zergling x4  
  29  3:09  Zergling x6  
  29  3:10  Zergling x2  
  33  3:22  Baneling x5  
  33  3:23  Baneling  
  33  3:25  Zergling x4  
  33  3:26  Zergling x2  
  31  3:59  Zergling x2  
  31  4:00  Zergling x10  
  35  4:04  Overlord  
  35  4:23  Zergling x8  
  34  4:32  Zergling x2  
  27  5:00  Zergling x8  
  27  5:01  Zergling x4  
  32  5:18  Zergling x4  
  32  5:26  Baneling x6  
  32  5:28  Zergling x4  
  34  5:35  Spore Crawler  
  34  5:41  Drone x2  
Tags
 
Add a new tag
Caveats
  • Supply blocks, unpowered buildings, or Contaminate may cause inaccurate times.
  • Supply counts are checked every 10 seconds.